 Dungeon Crawl Stone Soup version 0.20-a0-1073-g49e0d3e (webtiles) character file.

77 M4edhros the Sneak (level 4, -1/28 HPs)
             Began as an Octopode Artificer on Apr 29, 2017.
             Slain by a gnoll
             ... wielding a +0 halberd
              (17 damage)
             ... on level 3 of the Dungeon.
             The game lasted 00:02:04 (986 turns).

M4edhros the Sneak (Octopode Artificer)              Turns: 986, Time: 00:02:04

Health: -1/28      AC:  1    Str: 11    XL:     4   Next: 33%
Magic:  6/6        EV: 13    Int: 13    God:
Gold:   18         SH:  5    Dex: 13    Spells: 3/3 levels left

rFire    . . .     SeeInvis .   a - +0 short sword
rCold    . . .     Gourm    .   (no shield)
rNeg     . . .     Faith    .   (helmet restricted)
rPois    .         Spirit   .   h - +5 amulet of reflection
rElec    .         Reflect  +   n - ring of loudness (curse)
rCorr    .         Harm     .   (no ring)
MR       .....                  (no ring)
Stlth    +++.......             (no ring)
Regen    0.1/turn               (no ring)
MPRegen  0.1/turn               (no ring)
                                (no ring)
                                (no ring)

@: hasted, very quick
A: almost no armour, stealthy swim, amphibious, 8 rings, constrict 8, camouflage
1, gelatinous body 1
a: no special abilities


You were on level 3 of the Dungeon.
You were not hungry.

You visited 1 branch of the dungeon, and saw 3 of its levels.

You collected 18 gold pieces.

Inventory:

Hand Weapons
 a - a +0 short sword (weapon)
Jewellery
 h - a +5 amulet of reflection (around mantle)
 n - a cursed ring of loudness (left tentacle)
Wands
 b - a wand of flame (13/48)
 c - a wand of enslavement (12/24)
 d - a wand of random effects (13/48)
Scrolls
 e - 2 scrolls of remove curse {unknown}
 i - a scroll of fear {unknown}
 k - a scroll of identify {unknown}
 m - a scroll of teleportation {unknown}
Potions
 l - a potion of curing
 p - a potion of flight {unknown}
Comestibles
 f - 3 bread rations
 j - 2 meat rations
 o - 3 fruits


   Skills:
 - Level 1.0 Fighting
 - Level 1.0 Short Blades
 - Level 2.0 Dodging
 + Level 5.8 Stealth
 - Level 3.2 Evocations


You had 3 spell levels left.
You didn't know any spells.

Dungeon Overview and Level Annotations

Branches:
Dungeon (3/15)

Altars:


Innate Abilities, Weirdness & Mutations

You cannot wear most types of armour.
You are very stealthy in the water. (Stealth+)
You are amphibious.
You can wear up to eight rings at the same time.
You can use your tentacles to constrict eight enemies at once.
Your skin changes colour to match your surroundings (Stealth+).
Your rubbery body absorbs attacks. (AC +1, EV +1)


Message History

Evoke which item? (* to show all) (? for menu, Esc to quit)
Aiming: Enslavement
Press: ? - help, Shift-Dir - straight line, f - gnoll
Aim: a gnoll, wielding a flail (severely wounded, chance to defeat MR: 64%)
The gnoll struggles to resist.
This wand has 13 charges left.
The gnoll barely misses you.
Evoke which item? (* to show all) (? for menu, Esc to quit)
Aiming: Enslavement
Press: ? - help, Shift-Dir - straight line, f/p - gnoll
Aim: a gnoll, wielding a flail (severely wounded, chance to defeat MR: 64%)
The gnoll is charmed.
This wand has 12 charges left.
You swap places.
Something hits your gnoll!
Your gnoll dies!
It was a potion of haste.
You feel yourself speed up.
You feel better.
You closely miss the gnoll. Your grab misses the gnoll. The gnoll misses you.
You barely miss the gnoll. Your grab misses the gnoll.
The gnoll hits you with a halberd!
Ouch! That really hurt!
You die...

## #######
.###########.....##
..........#....#..####
..........<..##.##...###
....#####.#g##.♣@##....#
.....# #..####g####.#.#
....# #..#.###♣#.#...#
...# #.#.⌠.# #.⌠.#..#
..## #..#.#♣###.#..##
...# #...###.###†.##
#..# #.g###.8.###†# #.<#
##..##.#.#.##.##
#..#####...#.###.#.#..#


You could see a gnoll.

Vanquished Creatures
  A gnoll (D:3)
  An adder (D:2)
  2 oozes (D:2)
  2 worms (D:2)
  A dart slug (D:2)
  A giant cockroach (D:1)
  2 goblins
  2 hobgoblins
  5 kobolds
  A quokka (D:2)
  A ball python (D:2)
  3 bats
  2 frilled lizards
  3 rats
27 creatures vanquished.

Vanquished Creatures (others)
  A gnoll (D:3)
  An adder (D:2)
2 creatures vanquished.

Grand Total: 29 creatures vanquished

Notes
Turn   | Place    | Note
-------+----------+-------------------------------------------
     0 | D:1      | M4edhros the Octopode Artificer began the quest for the Orb.
     0 | D:1      | Reached XP level 1. HP: 13/13 MP: 3/3
    67 | D:1      | Reached skill level 2 in Stealth
   118 | D:1      | Reached skill level 3 in Stealth
   118 | D:1      | Reached XP level 2. HP: 14/18 MP: 4/4
   260 | D:2      | Reached skill level 4 in Stealth
   266 | D:2      | Reached XP level 3. HP: 23/23 MP: 5/5
   533 | D:2      | Reached skill level 5 in Stealth
   607 | D:2      | Reached XP level 4. HP: 10/28 MP: 6/6
   986 | D:3      | Slain by a gnoll

Vault maps used:
D:1:      dpeg_arrival_stone_temple_mockup, minmay_statues_item
D:2:      nicolae_overflow_crystal_walls, first_bread, uniq_robin
D:3:      kennysheep_ying_yang, cheibriados_altar_1, grunt_decor_mini_mirrors,
          tgw_trog

Skill      XL: |  1  2  3 |
---------------+----------+-----
Stealth        | 3 4 5 |  5.8
Fighting       | |  1.0
Short Blades   | |  1.0
Dodging        | |  2.0
Evocations     | |  3.2

Action                   |  1- 3 |  4- 6 || total
-------------------------+-------+-------++-------
Melee: Short sword       |    40 |    13 ||    53
       Tentacles         |     8 |       ||     8
       Constrict         |     8 |     2 ||    10
Evoke: Wand              |     5 |     2 ||     7
  Use: Potion            |     1 |     2 ||     3
 Stab: Sleeping          |     6 |     3 ||     9
       Paralysed         |     2 |       ||     2
Dodge: Dodged            |    17 |     7 ||    24
Block: Other             |     8 |     2 ||    10
       Reflection        |     1 |       ||     1
